 Dungeon Crawl Stone Soup version 0.25-a0-737-g26c3a87c45 (webtiles) character file.

Game seed: 15736916777773055964, levelgen mode: deterministic

10 MisterFreud the Vexing (level 2, 0/13 HPs)
             Began as a Felid Enchanter on Apr 12, 2020.
             Slain by a kobold
             ... wielding a +0 mace
              (8 damage)
             ... on level 1 of the Dungeon.
             The game lasted 00:02:56 (1019 turns).

MisterFreud the Vexing (Felid Enchanter)            Turns: 1019, Time: 00:02:57

Health: 0/13       AC:  1    Str:  4    XL:     2   Next: 10%
Magic:  6/6        EV: 18    Int: 16    God:
Gold:   25         SH:  0    Dex: 16    Spells: 2/5 levels left
                                        Lives:  0   Deaths: 0

rFire    . . .     SeeInvis +     - Unarmed
rCold    . . .     Gourm    .   (shield unavailable)
rNeg     . . .     Faith    .   (armour unavailable)
rPois    .         Spirit   .   (helmet unavailable)
rElec    .         Reflect  .   (cloak unavailable)
rCorr    .         Harm     .   (gloves unavailable)
MR       .....                  (boots unavailable)
Stlth    +++.......             (no amulet)
HPRegen  0.04/turn              (no ring)
MPRegen  0.10/turn              (no ring)

@: quick
A: very small, no armour, no weapons or thrown items, stealth, claws 1, fangs 3,
see invisible, carnivore, speed 1, shaggy fur 1, slow metabolism 1, sharp paws
a: no special abilities


You were on level 1 of the Dungeon.
You were not hungry.

You visited 1 branch of the dungeon, and saw 1 of its levels.

You collected 25 gold pieces.

Inventory:

Scrolls
 a - a scroll of identify {unknown}
 c - 2 scrolls of remove curse {unknown}
Comestibles
 b - 3 rations


   Skills:
 * Level 1.8 Fighting
 - Level 2.6 Dodging
 - Level 4.0 Stealth
 - Level 1.0 Unarmed Combat
 - Level 2.0 Spellcasting
 - Level 4.4 Hexes


You had 2 spell levels left.
You knew the following spells:

 Your Spells              Type           Power        Failure   Level  Hunger
a - Corona                Hex            ###....      3%          1    #......
b - Ensorcelled Hibernat  Hex/Ice        #.....       13%         2    ###....

Your spell library contained the following spells:

 Spells                   Type           Power        Failure   Level  Hunger
 Confusing Touch          Hex            ###.....     11%         3    ###....
 Tukima's Dance           Hex            ###.....     11%         3    ###....
 Dazzling Flash           Conj/Hex       #.....       26%         3    ###....


Dungeon Overview and Level Annotations

Branches:
Dungeon (1/15)

Altars:


Innate Abilities, Weirdness & Mutations

You cannot wear armour.
You are incapable of wielding weapons or throwing items.
Your paws allow you to move quietly. (Stealth)
You have sharp claws.
You have razor-sharp teeth.
You have supernaturally acute eyesight. (SInv)
You are carnivorous and can eat meat at any time.
You cover ground quickly.
You are covered in fur. (AC +1)
You have a slow metabolism.
Your sharp claws are effective at attacking unaware monsters.


Message History

You scratch the kobold. You bite the kobold, but do no damage.
The kobold is heavily wounded.
You scratch the kobold but do no damage.
Your bite misses the kobold.
The kobold is heavily wounded.
The kobold hits you with a +0 mace.
You closely miss the kobold.
The kobold is heavily wounded.
The kobold misses you.
You scratch the kobold but do no damage.
The kobold is heavily wounded.
The kobold stops glowing.
The kobold misses you.
You scratch the kobold but do no damage.
The kobold is heavily wounded.
The kobold hits you with a +0 mace.
You scratch the kobold but do no damage.
The kobold is heavily wounded.
The kobold hits you with a +0 mace!
Ouch! That really hurt!
You die...

#. #.....#
#.##.##^# .
#.....#
#.......#
#.....#
####.####
#.....# #.#
#.....##### #.#
###.......###.#
#b#####.....#
####K#####..####
#..@........#
#(##.##.##..# #.
#.##.##..# ..
#........# ###
#.#####.##
#.......#
#########


You could see a bat and a kobold.

Vanquished Creatures
  A dart slug (D:1)
  3 bats (D:1)
  3 kobolds (D:1)
7 creatures vanquished.

Notes
Turn   | Place    | Note
-------+----------+-------------------------------------------
     0 | D:1      | MisterFreud the Felid Enchanter began the quest for the
                  | Orb.
     0 | D:1      | Reached XP level 1. HP: 7/7 MP: 4/4
    73 | D:1      | Reached skill level 1 in Fighting
   686 | D:1      | Reached XP level 2. HP: 10/13 MP: 4/6
   895 | D:1      | Learned a level 2 spell: Ensorcelled Hibernation
  1019 | D:1      | Slain by a kobold

Levels and vault maps discovered:
D:1:      dpeg_arrival_short_road, layout_loops_cross, minmay_hexomino_f4

Skill      XL: |  1 |
---------------+----+-----
Fighting       | 1 |  1.8
Dodging        | |  2.6
Stealth        | |  4.0
Unarmed Combat | |  1.0
Spellcasting   | |  2.0
Hexes          | |  4.4

Action                   || total
-------------------------++-------
Melee: Unarmed           ||    56
       Bite              ||     7
 Cast: Corona            ||    12
  Eat: Chunk             ||     3
Armor: Skin              ||     8
Dodge: Dodged            ||    69

Table legend:
 A = Non-vault XP
 B = Vault XP
 C = Vault XP percentage of total XP
 D = Non-vault monster count
 E = Vault monster count
 F = Vault count percentage of total count
                 A         B        C        D         E       F
            +---------+---------+-------+---------+---------+-------
      Total |      15 |       0 |   0.0 |       7 |       0 |   0.0
            +---------+---------+-------+---------+---------+-------
        D:1 |      15 |       0 |   0.0 |       7 |       0 |   0.0
            +---------+---------+-------+---------+---------+-------
